 Dungeon Crawl Stone Soup version 0.28-a0-1039-g7a5fce4 (webtiles) character file.

Game seed: 2387612058405363454

123 Ayyar the Chopper (level 4, -9/34 HPs)
             Began as a Demonspawn Gladiator on Dec 8, 2021.
             Was a Believer of Makhleb.
             Killed by divine providence
             ... invoked by an orc priest
              (14 damage)
             ... on level 4 of the Dungeon.
             The game lasted 00:11:49 (2336 turns).

Ayyar the Chopper (Demonspawn Gladiator)            Turns: 2336, Time: 00:11:49

Health: -9/34      AC:  9    Str: 16    XL:     4   Next: 80%
Magic:  5/5        EV:  7    Int:  9    God:    Makhleb [**....]
Gold:   71         SH: 12    Dex: 15    Spells: 3/3 levels left

rFire   . . .      SeeInvis .   a - +1 war axe
rCold   . . .      Faith    .   f - +0 kite shield
rNeg    . . .      Spirit   .   q - +0 scale mail
rPois   .          Reflect  .   c - +0 helmet
rElec   .          Harm     .   (no cloak)
rCorr   .          Rampage  .   j - +0 pair of gloves
Will    .....                   p - +0 pair of boots
Stlth   ..........              (no amulet)
HPRegen 0.11/turn               (no ring)
MPRegen 0.09/turn               (no ring)

@: no status effects
A: hooves 1, condensation shield, demonic touch 1
a: Renounce Religion, Minor Destruction


You were on level 4 of the Dungeon.
You worshipped Makhleb.
Makhleb was pleased with you.
You visited 1 branch of the dungeon, and saw 4 of its levels.

You collected 71 gold pieces.

Inventory:

Hand Weapons
 a - a +1 war axe (weapon)
Missiles
 d - 3 throwing nets
 g - 3 boomerangs (quivered)
Armour
 c - a +0 helmet (worn)
 f - a +0 kite shield (worn)
 j - a +0 pair of gloves (worn)
 p - a +0 pair of boots (worn)
 q - a +0 scale mail (worn)
Jewellery
 k - an amulet of faith
 n - a +6 ring of intelligence
Scrolls
 b - a scroll of silence {unknown}
 e - a scroll of noise
 h - a scroll of fear {unknown}
 i - a scroll of enchant weapon
 l - a scroll of magic mapping
 m - a scroll of identify {unknown}
 o - a scroll of immolation {unknown}


   Skills:
 + Level 2.8 Fighting
 + Level 3.3 Axes
 + Level 2.6 Throwing
 - Level 3.0 Dodging
 + Level 1.4 Shields
 + Level 1.6 Invocations


You had 3 spell levels left.
You didn't know any spells.
Your spell library contained the following spells:

 Spells                   Type           Power      Damage    Failure   Level
 Slow                     Hex            0%         N/A       100%        1
 Confusing Touch          Hex            0%         N/A       100%        3
 Vampiric Draining        Necr           0%         2d6       100%        3


Dungeon Overview and Level Annotations

Branches:
Dungeon (4/15)
 Temple: D:4-7

Altars:
Makhleb


Innate Abilities, Weirdness & Mutations

You have large cloven feet.
A meltable shield of frost defends you. (SH +4)
Your touch may inflict minor irresistible damage on your foes.


Message History

You feel aware of your surroundings.
You sensed 1 altar.
It was a scroll of magic mapping.
The adder bites you but does no damage. x2
As you read the scroll labelled VIWAUTO NIOSOH, it crumbles to dust.
It is a scroll of enchant weapon.
Your +0 war axe glows red for a moment.
You block the orc's attack. The adder bites you.
* * * LOW HITPOINT WARNING * * *
Your shield prevents you from hitting the adder.
The adder is moderately wounded.
You hit the orc. You block the adder's attack. The orc barely misses you.
The adder bites you.
* * * LOW HITPOINT WARNING * * *
You block the orc's attack.
You closely miss the adder.
The adder is moderately wounded.
You hit the orc.
You kill the orc!
Makhleb accepts your kill.
You can now harness Makhleb's destructive might.
The adder bites you but does no damage. You block the adder's attack.
You hit the adder.
The adder is almost dead.
You block the adder's attack. The adder closely misses you.
You hit the adder.
You kill the adder!
Makhleb accepts your kill.
You feel better.
You barely miss the orc. The orc hits you with a +0 short sword.
* * * LOW HITPOINT WARNING * * *
Something hits you but does no damage.
You slash the orc!
You kill the orc!
Makhleb accepts your kill.
You miss something.
You hear some strange, mumbled words.
A magic dart appears from out of thin air!
The magic dart hits you but does no damage.
The orc priest mumbles some strange prayers to Beogh against you.
Beogh smites you!
You die...

####.........#####.
##..#).#.....## *,
##.....###....# **
#.....## ##...# *
#).....# #####
#......# #....o##
#...){g#********* *
##..@#..#*,,,,,,**
*
###.##.g..,,,,,,**
* ###*#....o,,,,,*
*......,,,,*
**...<..,,,,**
*,,.....,,,,,*
**,,.....,,,,,*
*,,,,,,,,,,,,,*
*,,,,,,,,,,,,,*


You could see an orc priest and a hobgoblin.

Vanquished Creatures
  A wyvern skeleton (D:3)
  An adder (D:4)
  3 dart slugs
  10 orcs
  6 endoplasms
  5 giant cockroaches
  5 goblins
  3 hobgoblins
  2 kobolds
  2 quokkas
  2 ball pythons
  3 bats
  6 rats
49 creatures vanquished.

Notes
Turn   | Place    | Note
-------+----------+-------------------------------------------
     0 | D:1      | Ayyar the Demonspawn Gladiator began the quest for the Orb.
     0 | D:1      | Reached XP level 1. HP: 16/16 MP: 1/1
   210 | D:1      | Discovered your monstrous ancestry.
   210 | D:1      | Gained mutation: You have large cloven feet. [demonic
                  | ancestry]
   210 | D:1      | Reached XP level 2. HP: 22/22 MP: 2/2
   369 | D:1      | You fall into a shaft and drop 1 floor!
   412 | D:1      | Found a faded altar of an unknown god.
   424 | D:1      | Prayed at the altar of an unknown god.
   424 | D:1      | Became a worshipper of Makhleb the Destroyer
   424 | D:1      | Reached * piety under Makhleb
  1222 | D:2      | Gained mutation: A meltable shield of frost defends you.
                  | (SH +4) [demonic ancestry]
  1222 | D:2      | Reached XP level 3. HP: 28/28 MP: 3/3
  1683 | D:3      | Reached skill level 1 in Shields
  1683 | D:3      | Reached skill level 1 in Invocations
  1683 | D:3      | Gained mutation: Your touch may inflict minor irresistible
                  | damage on your foes. [demonic ancestry]
  1683 | D:3      | Reached XP level 4. HP: 26/34 MP: 4/4
  1812 | D:3      | Reached ** piety under Makhleb
  2336 | D:4      | Killed from afar by an orc priest

Illustrated notes

Levels and vault maps discovered:
D:1:      giann_wishing_wells, layout_basic, ebering_ecumenical_altar_abandoned,
          moated_statue
D:2:      layout_loops_cross
D:3:      layout_basic
D:4:      layout_cave_pods, nicolae_overflow_crystal_walls, uniq_sigmund

Skill      XL: |  1  2  3 |
---------------+----------+-----
Throwing       | 2 |  2.6
Axes           | 3 |  3.3
Dodging        | 3 |  3.0
Shields        | 1 |  1.4
Invocations    | 1 |  1.6
Fighting       | |  2.8

Action                   |  1- 3 |  4- 6 || total
-------------------------+-------+-------++-------
Melee: War axe           |    71 |    37 ||   108
       Kick              |     9 |     3 ||    12
Throw: Boomerang         |     2 |       ||     2
  Use: Potion            |     2 |       ||     2
       Scroll            |       |     3 ||     3
 Stab: Sleeping          |     2 |     1 ||     3
Armor: Leather armour    |    30 |     3 ||    33
       Scale mail        |       |    14 ||    14
Dodge: Dodged            |    33 |    12 ||    45
Block: Kite shield       |    32 |    26 ||    58

Table legend: (Time is in decaauts)
 A = Elapsed time spent in this place.
 B = Non-inter-level travel time spent in this place.
 C = Inter-level travel time spent in this place.
 D = Time resting spent in this place.
 E = Time spent auto-exploring this place.
 F = Levels seen in this place.
 G = Mean time per level.
                   A        B        C        D        E       F      G
               +--------+--------+--------+--------+--------+-----+--------+
         Total |   2404 |   2184 |    220 |    284 |   1401 |   4 |  601.0 |
       Dungeon |   2404 |   2184 |    220 |    284 |   1401 |   4 |  601.0 |
               +--------+--------+--------+--------+--------+-----+--------+

Top non-repeatable levels by time:
     D:2: 837 daAuts
     D:1: 776 daAuts
     D:3: 635 daAuts
     D:4: 155 daAuts
